 Dungeon Crawl Stone Soup version 0.21.1-1-g345015f (webtiles) character file.

884 inc the Destroyer (level 7, -7/31 HPs)
             Began as a Felid Wizard on Mar 6, 2018.
             Was a Priest of Vehumet.
             Mangled by a two-headed ogre
             ... wielding a +0 giant club
              (20 damage)
             ... on level 7 of the Dungeon.
             The game lasted 00:24:18 (11793 turns).

inc the Destroyer (Felid Wizard)                   Turns: 11793, Time: 00:24:18

Health: -7/31      AC:  2    Str:  7    XL:     7   Next: 76%
Magic:  15/15      EV: 18    Int: 22    God:    Vehumet [***...]
Gold:   284        SH:  0    Dex: 15    Spells: 6/16 levels left
                                        Lives:  0   Deaths: 2

rFire    . . .     SeeInvis +   (weapon unavailable)
rCold    . . .     Gourm    .   (shield unavailable)
rNeg     . . .     Faith    .   (armour unavailable)
rPois    .         Spirit   .   (helmet unavailable)
rElec    .         Reflect  .   (cloak unavailable)
rCorr    .         Harm     .   (gloves unavailable)
MR       +....                  (boots unavailable)
Stlth    +++.......             (no amulet)
HPRegen  0.10/turn              o - ring of wizardry
MPRegen  0.14/turn              d - +4 ring of strength

@: quick
A: very small, no armour, no weapons or thrown items, stealth, claws 1, fangs 3,
see invisible, carnivore, speed 1, shaggy fur 2, slow metabolism 1, sharp paws
a: Renounce Religion


You were on level 7 of the Dungeon.
You worshipped Vehumet.
Vehumet was most pleased with you.
You were not hungry.

You visited 1 branch of the dungeon, and saw 8 of its levels.

You collected 453 gold pieces.
You spent 169 gold pieces at shops.

Inventory:

Jewellery
 d - a +4 ring of strength (right paw)
 o - a ring of wizardry (left paw)
 s - an uncursed amulet of faith
Wands
 i - a wand of polymorph (7)
 t - a wand of acid (13)
 x - a wand of digging (12)
 A - a wand of enslavement (11)
Scrolls
 e - 9 scrolls of remove curse
 f - 4 scrolls of enchant weapon {unknown}
 g - 3 scrolls of amnesia {unknown}
 h - a scroll of silence {unknown}
 j - 3 scrolls of random uselessness {unknown}
 k - 3 scrolls of blinking {unknown}
 l - 4 scrolls of teleportation {unknown}
 m - 4 scrolls of immolation {unknown}
 r - a scroll of fog {unknown}
 w - 2 scrolls of magic mapping {unknown}
 y - a scroll of identify
Potions
 c - 2 potions of heal wounds
 n - 2 potions of agility
 p - a potion of resistance
 q - a potion of mutation
 u - a potion of berserk rage
 v - 2 potions of brilliance {unknown}
 z - 2 potions of degeneration {unknown}
 B - a potion of cancellation {unknown}
Books
 a - a book of Minor Magic

   Spells                             Type                      Level
   a - Magic Dart                     Conjuration                  1
   b - Blink                          Translocation                2
   c - Call Imp                       Summoning                    2
   d - Slow                           Hexes                        2
   e - Conjure Flame                  Conjuration/Fire             3
   f - Mephitic Cloud                 Conjuration/Poison/Air       3
Comestibles
 b - 8 rations


   Skills:
 - Level 3.6 Fighting
 - Level 2.6 Dodging
 - Level 2.6 Stealth
 - Level 5.2 Spellcasting
 + Level 10.6 Conjurations
   Level 1.0 Summonings
   Level 1.5 Translocations
 - Level 3.5 Fire Magic


You had 6 spell levels left.
You knew the following spells:

 Your Spells              Type           Power        Failure   Level  Hunger
a - Magic Dart            Conj           ####         1%          1    None
b - Throw Flame           Conj/Fire      #####.       1%          2    None
c - Mephitic Cloud        Conj/Pois/Air  ###.....     1%          3    ##.....
d - Throw Icicle          Conj/Ice       ####....     1%          4    ####...


Dungeon Overview and Level Annotations

Branches:
Dungeon (8/15)             Temple (0/1) D:6
   Lair: D:8-11

Altars:
Dithmenos
Elyvilon
Hepliaklqana
Kikubaaqudgha
Qazlal
Ru
Trog
Uskayaw
Vehumet
Yredelemnul
Zin

Shops:
D:4 !

Annotations:
D:2 Jessica
D:6 Prince Ribbit
D:7 2 transporters
D:8 inc's ghost, novice FeTm


Innate Abilities, Weirdness & Mutations

You cannot wear armour.
You are incapable of wielding weapons or throwing items.
Your paws allow you to move quietly. (Stealth)
You have sharp claws.
You have razor-sharp teeth.
You have supernaturally acute eyesight. (SInv)
You are carnivorous and can eat meat at any time.
You cover ground quickly.
You are covered in thick fur. (AC +2)
You have a slow metabolism.
Your sharp claws are effective at attacking unaware monsters.


Message History

t - Meow!
Orders for allies: a - Attack new target. r - Retreat! s - Stop attacking. g - Guard the area. f - Follow me.
Anything else - Cancel.
You meow for attention!
You see here a chain mail.
The orc sings a few bars from the Orcish anthem.
Things that are here:
13 arrows; an uncursed shortbow You scratch the two-headed ogre.
The two-headed ogre is lightly wounded.
The two-headed ogre hits you with a +0 giant club!!
Ouch! That really hurt!
The two-headed ogre completely misses you.
You scratch the two-headed ogre. Your bite misses the two-headed ogre.
The two-headed ogre is lightly wounded.
The two-headed ogre hits you with a +0 giant club!!
Ouch! That really hurt!
You die...

#### #..#########..#.##.##.#. #
###.....©...(....##....). #
#######...........[........#...
###..................######.#####
...[.....#######(......# #.# #
########## #..(..#.##.## #.# #
#.##.##.##..# #.# # #.##O##...#.#
#.# # #####.#.@.##....###.#####
####.......................#
######....###.............###.#.#
#......#### #....[........###.#..
..###### ##...............#.###
############............##.......
###..........##...##...###.......
....#################### #.......
##### #.......


You could see a two-headed ogre.

Vanquished Creatures
  A vampire (D:6)
  A wyvern (D:8)
  2 hungry ghosts
  Eustachio (D:5)
  Duvessa (D:4)
  A black bear (D:7)
  A necrophage (D:6)
  An ice beast (D:5)
  An ogre (D:4)
  5 centaurs
  Blork the orc (D:6)
  4 bullfrogs
  Dowan (D:4)
  2 scorpions (D:7)
  5 wights
  6 howler monkeys
  3 crimson imps
  A bullfrog zombie (D:6)
  3 hounds
  2 orc priests
  7 orc wizards
  Crazy Yiuf (D:4)
  A centaur skeleton (D:8)
  2 iguanas
  3 worker ant zombies
  7 gnolls (D:6)
  2 adders
  2 shadow imps
  2 oozes
  An adder skeleton (D:8)
  3 worms
  2 dart slugs
  7 leopard geckos
  23 orcs
  A ball python (D:5)
  6 giant cockroaches
  3 goblins (D:1)
  8 hobgoblins
  4 jackals (D:8)
  3 quokkas
  8 bats
  2 frilled lizards
  A jackal skeleton (D:7)
  8 kobolds
  A leopard gecko skeleton (D:5)
  3 rats
154 creatures vanquished.

Notes
Turn   | Place    | Note
-------+----------+-------------------------------------------
     0 | D:1      | inc the Felid Wizard began the quest for the Orb.
     0 | D:1      | Reached XP level 1. HP: 7/7 MP: 5/5
    26 | D:1      | Reached skill level 1 in Conjurations
   495 | D:1      | Reached XP level 2. HP: 11/11 MP: 5/7
   566 | D:1      | Reached skill level 2 in Conjurations
  1384 | D:2      | Reached XP level 3. HP: 13/14 MP: 0/8
  1387 | D:2      | Found a radiant altar of Vehumet.
  1575 | D:2      | Became a worshipper of Vehumet
  1820 | D:2      | Reached skill level 3 in Conjurations
  2055 | D:2      | Noticed Jessica
  2467 | D:3      | Found a faded altar of an unknown god.
  2713 | D:3      | Reached * piety under Vehumet
  2713 | D:3      | Offered knowledge of Freeze by Vehumet.
  2744 | D:3      | Reached XP level 4. HP: 18/18 MP: 6/9
  2787 | D:3      | Found a bloodstained altar of Trog.
  2949 | D:4      | Found a basalt altar of Yredelemnul.
  2990 | D:4      | Noticed an ogre
  3020 | D:4      | Killed an ogre
  3020 | D:4      | Reached skill level 4 in Conjurations
  3020 | D:4      | Reached XP level 5. HP: 21/21 MP: 1/10
  3154 | D:4      | Noticed Dowan
  3242 | D:4      | Noticed Duvessa
  3263 | D:4      | Found Ihat's Distillery.
  3268 | D:4      | Bought a potion of mutation for 104 gold pieces
  3268 | D:4      | Bought a potion of heal wounds for 65 gold pieces
  3274 | D:4      | Found a sacrificial altar of Ru.
  3312 | D:4      | Killed Duvessa
  3312 | D:4      | Reached skill level 5 in Conjurations
  3329 | D:4      | Killed Dowan
  3329 | D:4      | Gained mutation: You are covered in thick fur. (AC +2) [Felid growth]
  3329 | D:4      | Reached XP level 6. HP: 24/24 MP: 11/11
  3490 | D:4      | Found a runed door.
  3629 | D:4      | Noticed Crazy Yiuf
  3640 | D:4      | Killed Crazy Yiuf
  3640 | D:4      | Reached skill level 6 in Conjurations
  3680 | D:5      | Entered Level 5 of the Dungeon
  3680 | D:5      | Noticed an ice beast
  3816 | D:5      | Noticed Eustachio
  3826 | D:5      | Killed Eustachio
  3901 | D:5      | Reached XP level 7. HP: 27/27 MP: 5/12
  4034 | D:5      | Reached skill level 7 in Conjurations
  4845 | D:5      | Reached ** piety under Vehumet
  5253 | D:5      | Reached skill level 8 in Conjurations
  5356 | D:5      | Offered knowledge of Throw Flame by Vehumet.
  5518 | D:4      | Learned a level 2 spell: Throw Flame
  5682 | D:5      | Reached skill level 1 in Fire Magic
  6014 | D:6      | Noticed a vampire
  6108 | D:6      | Noticed Prince Ribbit
  6114 | D:6      | Noticed Blork the orc
  6327 | D:6      | Found a staircase to the Ecumenical Temple.
  6346 | D:6      | Found a stormy altar of Qazlal.
  6346 | D:6      | Found a white marble altar of Elyvilon.
  6349 | D:6      | Found a hide-covered altar of Uskayaw.
  6351 | D:6      | Found a shadowy altar of Dithmenos.
  6404 | D:6      | Found the +9 staff of Olgreb {rPois}
  6582 | D:6      | Killed a vampire
  6582 | D:6      | Reached XP level 8. HP: 30/31 MP: 13/13
  6757 | D:6      | Reached skill level 1 in Fighting
  7226 | D:6      | Killed Blork the orc
  7356 | D:6      | Learned a level 3 spell: Mephitic Cloud
  8569 | D:7      | Found a glowing silver altar of Zin.
  8569 | D:7      | Found a transporter.
  8569 | D:7      | Noticed a troll
  8746 | D:7      | Reached skill level 5 in Spellcasting
  8933 | D:6      | Offered knowledge of Inner Flame by Vehumet.
  9040 | D:7      | Reached XP level 9. HP: 9/38 MP: 11/17
  9489 | D:8      | Reached *** piety under Vehumet
  9739 | D:8      | Found a hazy altar of Hepliaklqana.
  9850 | D:8      | Noticed a two-headed ogre
  9927 | D:7      | Found a transporter.
 10042 | D:7      | Reached skill level 9 in Conjurations
 10373 | D:7      | Found an ancient bone altar of Kikubaaqudgha.
 10379 | D:7      | Offered knowledge of Throw Icicle by Vehumet.
 10435 | D:7      | Learned a level 4 spell: Throw Icicle
 10854 | D:8      | Noticed inc's ghost (novice FeTm)
 11018 | D:8      | Reached skill level 10 in Conjurations
 11417 | D:8      | Mangled by inc's ghost
 11418 | D:8      | Reached XP level 8. HP: -8/52 MP: 1/16
 11656 | D:7      | Slain by a two-headed ogre
 11657 | D:7      | Reached XP level 7. HP: -5/31 MP: 15/15
 11793 | D:7      | Mangled by a two-headed ogre

Skill      XL: |  1  2  3  4  5  6  7  8  9 |
---------------+----------------------------+-----
Conjurations   | 1 2 3 4 5 6 8 10 | 10.6
Fire Magic     | 3 |  3.5
Fighting       | 3 |  3.6
Spellcasting   | 5 |  5.2
Dodging        | |  2.6
Stealth        | |  2.6
Summonings     | |  1.0
Translocations | |  1.5

Action                   |  1- 3 |  4- 6 |  7- 9 || total
-------------------------+-------+-------+-------++-------
Melee: Unarmed           |    20 |    29 |    42 ||    91
       Bite              |     2 |       |     3 ||     5
 Cast: Magic Dart        |   133 |    61 |   318 ||   512
       Throw Flame       |       |       |   154 ||   154
       Throw Icicle      |       |       |    11 ||    11
  Use: Scroll            |     4 |     2 |     3 ||     9
       Potion            |       |     1 |     9 ||    10
 Stab: Sleeping          |     2 |       |     1 ||     3
  Eat: Chunk             |     1 |    10 |    23 ||    34
Armor: Skin              |     5 |    20 |    28 ||    53
Dodge: Dodged            |    34 |    21 |   178 ||   233
